 Dungeon Crawl Stone Soup version 0.27-a0-1332-g84bddb5ca7 (webtiles) character file.

Game seed: 931318899969989826

56 avis the Insei (level 3, -3/27 HPs)
             Began as a Demigod Transmuter on June 25, 2021.
             Killed from afar by Sigmund (8 damage)
             ... with a puff of flame
             ... on level 2 of the Dungeon.
             The game lasted 00:09:38 (2283 turns).

avis the Insei (Demigod Transmuter)                 Turns: 2283, Time: 00:09:39

Health: -3/27      AC:  2    Str: 11    XL:     3   Next: 48%
Magic:  1/8        EV: 19    Int: 15    God:
Gold:   64         SH:  0    Dex: 23    Spells: 1/5 levels left

rFire    . . .     SeeInvis .     - Unarmed
rCold    . . .     Faith    .   (shield currently unavailable)
rNeg     . . .     Spirit   .   (armour currently unavailable)
rPois    x         Reflect  .   (helmet currently unavailable)
rElec    .         Harm     .   (cloak currently unavailable)
rCorr    .         Rampage  .   (gloves currently unavailable)
Will     .....                  (boots currently unavailable)
Stlth    ++........             (no amulet)
HPRegen  0.09/turn              (no ring)
MPRegen  0.11/turn              (no ring)

@: spider-form (expiring), very slightly contaminated
A: venomous fangs, tiny, high mp 1, forlorn
a: End Transformation


You were on level 2 of the Dungeon.
You were a venomous arachnid creature.
You visited 1 branch of the dungeon, and saw 2 of its levels.

You collected 64 gold pieces.

Inventory:

Missiles
 c - 61 arrows
 d - 20 stones
 f - 28 sling bullets
Armour
 a - a +0 robe (melded)
 b - a +0 ring mail
Scrolls
 e - a scroll of enchant armour {unknown}
 g - a scroll of identify {unknown}
 h - a scroll of blinking {unknown}


   Skills:
 * Level 0.8 Fighting
 - Level 1.8 Dodging
 - Level 4.0 Unarmed Combat
 - Level 1.7 Spellcasting
 - Level 2.0 Transmutations
 - Level 1.0 Poison Magic


You had one spell level left.
You knew the following spells:

 Your Spells              Type           Power      Damage    Failure   Level
a - Beastly Appendage     Tmut           14%        N/A       24%         1
p - Spider Form           Tmut/Pois      2%         N/A       58%         3

Your spell library contained the following spells:

 Spells                   Type           Power      Damage    Failure   Level
 Animate Skeleton         Necr           2%         N/A       43%         1
 Apportation              Tloc           2%         N/A       43%         1
 Corona                   Hex            1%         N/A       43%         1
 Summon Small Mammal      Summ           4%         N/A       43%         1
 Wereblood                Tmut           7%         N/A       34%         2
 Ice Form                 Ice/Tmut       4%         N/A       94%         4


Dungeon Overview and Level Annotations

Branches:
Dungeon (2/15)

Annotations:
D:2 Sigmund


Innate Abilities, Weirdness & Mutations

You are a venomous arachnid creature.
You have poisonous fangs.
You are tiny and dextrous.
Your spellcasting is less reliable in this form.
Your armour is entirely melded.
You are incapable of wielding weapons or throwing items.
Your attributes grow dramatically as you level up.
You have an increased reservoir of magic. (+10% MP)
You shall have no god before yourself.


Message History

Sigmund gestures at you while chanting.
You are confused.
You barely miss Sigmund. Sigmund misses you.
You bump into the rock wall.
Sigmund completely misses you.
You hit Sigmund.
Sigmund is moderately wounded.
Sigmund barely misses you.
You bump into the rock wall.
Sigmund closely misses you.
Sigmund points at you and mumbles some strange words.
You resist with some effort.
You're too confused to move!
You feel less confused.
Sigmund casts a spell.
Sigmund flickers and vanishes!
Deactivating autopickup; reactivate with Ctrl-A.
Your transformation has ended.
Your +0 robe unmelds from your body.
Something hits you. Something freezes you.
You barely miss something.
Unknown command.
Casting: Spider Form (extremely dangerous; 36% risk of failure)
Confirm with . or Enter, or press ? or * to list all spells.
The spell is extremely dangerous to cast (36% risk of failure)!
Continue anyway?
You miscast Spider Form.
You are very lightly contaminated with residual magic.
Nothing appears to happen.
Something hits you! Something freezes you.
Unknown command.
Casting: Spider Form (extremely dangerous; 36% risk of failure)
Confirm with . or Enter, or press ? or * to list all spells.
The spell is extremely dangerous to cast (36% risk of failure)!
Continue anyway?
You turn into a venomous arachnid creature.
Your +0 robe melds into your body.
Something completely misses you.
You hit something. Something hits you!
* * * LOW HITPOINT WARNING * * *
Something freezes you.
* * * LOW HITPOINT WARNING * * *
Your transformation is almost over.
Something barely misses you.
A puff of flame appears from out of thin air!
The puff of flame hits you!
You die...

##'## #....# #.# ####.# ##...##
#.#### #.# ##....# ##.....##
#.######.# #.....# #.......##
#........# #.....#
.........###....##########.....##
..)......'.......................
.........###.....#######.........
#.......## ###.#.# #.###.###.
##.....## ###s# #.# #.# #.
##...## #.# #.# #.# #. ##'## #.#
#.###.###. #.# #######.#
#......... # #.# #.....{.#
#####.#### # ##.## #........# #.#
###...###.##.##..... #.# #
##.....##.#...#.##.## #.# #
###...##........# ..# #.# #


There were no monsters in sight!

Vanquished Creatures
  An adder (D:2)
  A dart slug (D:1)
  3 bats
  2 endoplasms
  3 giant cockroaches (D:1)
  2 goblins (D:2)
  7 hobgoblins
  5 jackals (D:2)
  3 quokkas
  A ball python (D:1)
  3 frilled lizards
  4 kobolds
  5 rats
40 creatures vanquished.

Notes
Turn   | Place    | Note
-------+----------+-------------------------------------------
     0 | D:1      | avis the Demigod Transmuter began the quest for the Orb.
     0 | D:1      | Reached XP level 1. HP: 15/15 MP: 5/5
   169 | D:1      | Reached skill level 3 in Unarmed Combat
   616 | D:1      | Reached XP level 2. HP: 18/22 MP: 5/7
  1431 | D:1      | You fall into a shaft and drop 1 floor!
  1669 | D:2      | Reached XP level 3. HP: 22/27 MP: 8/8
  1821 | D:2      | Reached skill level 4 in Unarmed Combat
  1826 | D:2      | Learned a level 3 spell: Spider Form
  2174 | D:2      | Reached skill level 1 in Poison Magic
  2235 | D:2      | Noticed Sigmund
  2283 | D:2      | Killed from afar by Sigmund

Illustrated notes

Levels and vault maps discovered:
D:1:      heliophobic_arrival_battle_scene, layout_loops_ring,
          ebering_ecumenical_altar_rust, serial_aquarium, aquarium_bridge_square
          [aquarium_subvault_bridge, aquarium_subvault_bridge,
          aquarium_subvault_bridge, aquarium_subvault_bridge],
          aquarium_window_fake, aquarium_window_fake, aquarium_window_fake,
          aquarium_window_2, aquarium_view_2c, aquarium_balcony_double_1,
          aquarium_pool_corner, hangedman_abyss_or_decor_stabs, st_stairs_2
D:2:      layout_loops_corners, basic_altar, hangedman_decor_clover_reticule,
          uniq_sigmund

Skill      XL: |  1  2  3 |
---------------+----------+-----
Unarmed Combat | 3 4 |  4.0
Transmutations | 2 |  2.0
Poison Magic   | 1 |  1.0
Fighting       | |  0.8
Dodging        | |  1.8
Spellcasting   | |  1.7

Action                   || total
-------------------------++-------
Melee: Unarmed           ||   112
       Kick              ||    23
       Headbutt          ||    17
 Cast: Beastly Appendage ||    28
       Spider Form       ||     3
Armor: Robe              ||    17
Dodge: Dodged            ||    61

Table legend: (Time is in decaauts)
 A = Elapsed time spent in this place.
 B = Non-inter-level travel time spent in this place.
 C = Inter-level travel time spent in this place.
 D = Time resting spent in this place.
 E = Time spent auto-exploring this place.
 F = Levels seen in this place.
 G = Mean time per level.
                   A        B        C        D        E       F      G
               +--------+--------+--------+--------+--------+-----+--------+
         Total |   2276 |   2276 |      0 |   1041 |    831 |   2 | 1138.0 |
       Dungeon |   2276 |   2276 |      0 |   1041 |    831 |   2 | 1138.0 |
               +--------+--------+--------+--------+--------+-----+--------+

Top non-repeatable levels by time:
     D:1: 1427 daAuts
     D:2: 848 daAuts
